 Dungeon Crawl Stone Soup version 0.24-a0-48-g0ecae65 (webtiles) character file.

Game seed: 3786918624688772763

162 Lavandula the Vandal (level 5, -2/32 HPs)
             Began as a Halfling Arcane Marksman on Feb 3, 2019.
             Slain by an iguana (6 damage)
             ... on level 5 of the Dungeon.
             The game lasted 00:11:02 (1439 turns).

Lavandula the Vandal (Halfling Arcane Marksman)     Turns: 1439, Time: 00:11:03

Health: -2/32      AC:  7    Str: 11    XL:     5   Next: 71%
Magic:  6/6        EV: 13    Int: 11    God:
Gold:   124        SH:  0    Dex: 16    Spells: 2/6 levels left

rFire    + . .     SeeInvis .   a - +0 hunting sling
rCold    . . .     Gourm    .   (shield restricted)
rNeg     . . .     Faith    .   n - +1 ring mail {rPois}
rPois    +         Spirit   .   i - +0 helmet
rElec    .         Reflect  .   (no cloak)
rCorr    .         Harm     .   (no gloves)
MR       .....                  (no boots)
Stlth    +.........             (no amulet)
HPRegen  0.10/turn              h - ring of protection from fire
MPRegen  0.10/turn              (no ring)

@: no status effects
A: small, mutation resistance 1
a: no special abilities


You were on level 5 of the Dungeon.
You were hungry.

You visited 1 branch of the dungeon, and saw 5 of its levels.

You collected 124 gold pieces.

Inventory:

Hand Weapons
 a - a +0 hunting sling (weapon)
 p - a +1 dagger of venom
 q - a +1 war axe of electrocution
Missiles
 c - 35 stones (quivered)
Armour
 e - a +0 robe
 i - a +0 helmet (worn)
 n - a +1 ring mail of poison resistance (worn)
 o - a -2 leather armour
Jewellery
 h - a ring of protection from fire (left hand)
Scrolls
 b - a scroll of magic mapping
 j - 2 scrolls of identify {unknown}
 k - 3 scrolls of remove curse
 l - a scroll of fog {unknown}
 m - 2 scrolls of immolation
 r - 2 scrolls of enchant weapon {unknown}
Comestibles
 f - 4 rations


   Skills:
 - Level 0.8 Fighting
 + Level 2.1 Short Blades
 - Level 7.4 Slings
 - Level 2.1 Dodging
 - Level 1.0 Spellcasting
 - Level 2.4 Hexes


You had 2 spell levels left.
You knew the following spells:

 Your Spells              Type           Power        Failure   Level  Hunger
a - Corona                Hex            #......      30%         1    ##.....
b - Portal Projectile     Hex/Tloc       #.....       82%         3    ####...

Your spell library contained the following spells:

 Spells                   Type           Power        Failure   Level  Hunger
 Slow                     Hex            #.......     41%         2    ###....
 Inner Flame              Hex/Fire       #.......     82%         3    ####...
 Cause Fear               Hex            #.........   96%         4    #####..
 Leda's Liquefaction      Hex/Erth       #.........   99%         4    #####..


Dungeon Overview and Level Annotations

Branches:
Dungeon (5/15)
 Temple: D:4-7

Altars:
Yredelemnul
The Shining One

Annotations:
D:5 Prince Ribbit


Innate Abilities, Weirdness & Mutations

You are small and have problems with some larger weapons.
You are somewhat resistant to further mutation.


Message History

Press: ? - help, Shift-Dir - straight line, f/p - iguana
Aim: an iguana (lightly wounded)
You shoot a stone. The stone hits the iguana!
The iguana is severely wounded.
The iguana bites you!
* * * LOW HITPOINT WARNING * * *
Firing (i - inventory)
c - 36 stones (quivered)
Press: ? - help, Shift-Dir - straight line, f/p - iguana
Aim: an iguana (severely wounded)
Okay, then.
You aren't carrying any potions.
Unknown command.
Firing (i - inventory)
c - 36 stones (quivered)
Press: ? - help, Shift-Dir - straight line, f/p - iguana
Aim: an iguana (severely wounded)
You shoot a stone. The stone closely misses the iguana.
The stone hits the bullfrog zombie.
The bullfrog zombie is lightly damaged.
The iguana bites you.
You die...

*,,....#*,,.#*,,,,,,,,,**,,
*,,,...#*,..#*,,,,,,,,,****
*,,*#..#*...#,,,**,,,,,**,,
*,,##..##F..#,,,**,,,,,**,,
*,,#...#....#*,,**,.,,,*,,,
*,,#(..+....#*,,##..,,,*,,,
*,,#..<#*,,,**,....,,,,*,,,
*,,#...#######..#*,,,,,**,,
*,,#...+..@lZ'..#*,,,,,**,,
*,,#...#.....#......,,,,+,,
*,,#...#.>...#,.....,,,,*,,
*,,##..##...##,,##..,,,**,,
*,,*#..##..>#*,,***#*******
*,,*...##...#*,,,*,,,,,,,,,
*,,+...###+##*,,,*,,,,,,,,,
*,,##..**,,,**,,**,,,,,**,,
*,,**,,**,,,***+*********,,


You could see an iguana and a bullfrog zombie.

Vanquished Creatures
  2 hounds
  3 adders
  A gnoll (D:3)
  2 dart slugs (D:2)
  2 leopard geckos (D:3)
  8 orcs (D:3)
  2 giant cockroaches (D:3)
  3 goblins
  7 hobgoblins
  4 jackals
  9 bats
  2 frilled lizards
  4 kobolds
  5 rats
54 creatures vanquished.

Notes
Turn   | Place    | Note
-------+----------+-------------------------------------------
     0 | D:1      | Lavandula the Halfling Arcane Marksman began the quest for
                  | the Orb.
     0 | D:1      | Reached XP level 1. HP: 12/12 MP: 2/2
   133 | D:1      | Reached XP level 2. HP: 18/18 MP: 3/3
   149 | D:1      | Reached skill level 4 in Slings
   354 | D:2      | Reached XP level 3. HP: 22/22 MP: 4/4
   374 | D:2      | Reached skill level 5 in Slings
   473 | D:3      | Learned a level 3 spell: Portal Projectile
   568 | D:2      | HP: 1/22 [hobgoblin (4)]
   811 | D:3      | Reached XP level 4. HP: 21/27 MP: 5/5
   830 | D:3      | Reached skill level 6 in Slings
   924 | D:3      | Reached XP level 5. HP: 22/32 MP: 6/6
   996 | D:3      | Found a basalt altar of Yredelemnul.
  1027 | D:3      | Found a glowing golden altar of the Shining One.
  1061 | D:3      | Reached skill level 7 in Slings
  1314 | D:3      | Found a glowing golden altar of the Shining One.
  1349 | D:3      | Reached skill level 1 in Short Blades
  1396 | D:5      | Entered Level 5 of the Dungeon
  1405 | D:5      | Noticed Prince Ribbit
  1439 | D:5      | Slain by an iguana

Vault maps used:
D:1:      mushboom_english_gardens
D:2:      hangedman_decor_diamond_cutter
D:3:      makhleb_grotto_becter, nicolae_overflow_hidden_temple,
          lemuel_round_altar, tso_metal_star
D:4:      nicolae_gozag_zags_fifth_avenue, minmay_temple_entry_sparse_star,
          first_ration, minmay_close_crescents
D:5:      corexii_shack_village, eat_drink_and_be_merry_uskayaw,
          nicolae_ossuary_entry_catacombs, serial_park_tiny_pond,
          uniq_prince_ribbit1

Skill      XL: |  1  2  3  4  5 |
---------------+----------------+-----
Slings         | 4 5 6 7 |  7.4
Short Blades   | 2 |  2.1
Fighting       | |  0.8
Dodging        | |  2.1
Spellcasting   | |  1.0
Hexes          | |  2.4

Action                   |  1- 3 |  4- 6 || total
-------------------------+-------+-------++-------
 Fire: Hunting sling     |   112 |   112 ||   224
 Cast: Corona            |     4 |     5 ||     9
  Use: Scroll            |     2 |     1 ||     3
       Potion            |       |     3 ||     3
  Eat: Chunk             |       |     1 ||     1
Armor: Robe              |     4 |       ||     4
       Ring mail         |     3 |    35 ||    38
Dodge: Dodged            |    32 |    51 ||    83

Table legend:
 A = Non-vault XP
 B = Vault XP
 C = Vault XP percentage of total XP
 D = Non-vault monster count
 E = Vault monster count
 F = Vault count percentage of total count
                 A         B        C        D         E       F
            +---------+---------+-------+---------+---------+-------
      Total |     218 |      14 |   6.0 |      53 |       1 |   1.9
            +---------+---------+-------+---------+---------+-------
        D:1 |      17 |       0 |   0.0 |      12 |       0 |   0.0
        D:2 |      28 |       0 |   0.0 |      13 |       0 |   0.0
        D:3 |     131 |       0 |   0.0 |      27 |       0 |   0.0
        D:4 |       0 |      14 | 100.0 |       0 |       1 | 100.0
        D:5 |      42 |       0 |   0.0 |       1 |       0 |   0.0
            +---------+---------+-------+---------+---------+-------
